RedWings vs Jets

Created - October 12 2011 at 17:49

Goals
1 2 3 T
RedWings 1 2 0 3
Jets 1 0 0 1
Shots
1 2 3 T
RedWings 4 5 5 14
Jets 14 10 10 34

Period #1

1. Jets , Mark Giordano 1 (James Wisniewski, Martin Erat) at 2:43
2. RedWings , Jamie Langenbrunner 1 (Brett Clark, Alexandre Burrows) at 11:18

Penalties :
Eric Brewer (DET) for Hooking (Minor) at 4:39, Eric Brewer (DET) for Hooking (Minor) at 9:02, Keith Yandle (DET) for Hooking (Minor) at 12:03, Ryan Malone (WPG) for Holding (Minor) at 18:43

Period #2

3. RedWings , Sergei Kostitsyn 1 (Pavel Kubina, Paul Martin) at 1:12
4. RedWings , Ray Whitney 1 (Paul Martin, Travis Zajac) at 15:20

Penalties :
Brian Campbell (DET) for Hooking (Minor) at 3:05, Keith Yandle (DET) for High sticking (Minor) at 12:20, Alexandre Burrows (DET) for Hooking (Minor) at 12:33, Brian Campbell (DET) for Hooking (Minor) at 17:25

Period #3

No Goal

Penalties :
Brenden Morrow (WPG) for High sticking (Minor) at 5:48, Eric Brewer (DET) for Cross-checking (Minor) at 10:11, P.K. Subban (WPG) for Slashing (Minor) at 16:28, Mark Giordano (WPG) for Hooking (Minor) at 16:47

Goalie Stats

Craig Anderson (DET), 33 saves from 34 shots - (0.971), W, 2-1-0, 60:00 minutes
Ilya Bryzgalov (WPG), 11 saves from 14 shots - (0.786), L, 3-1-0, 60:00 minutes

Players Stats

RedWings
Player Name              G  A  P  +/- PIM S  H  SB FO    MP 
------------------------------------------------------------
Alexandre Burrows        0  1  1   0  2   1  3  0  0/1   21 
Brett Clark              0  1  1   0  0   1  1  2  0/0   13 
Brian Campbell           0  0  0   0  4   0  1  1  0/0   21 
Colin White              0  0  0   0  0   0  0  0  0/0   0  
Curtis Glencross         0  0  0   0  0   0  0  0  0/1   14 
Eric Brewer              0  0  0   0  6   1  1  1  0/0   19 
Jamie Langenbrunner      1  0  1   0  0   1  2  0  2/4   15 
Keith Yandle             0  0  0   0  4   2  1  3  0/0   22 
Kris Draper              0  0  0   0  0   0  1  0  0/1   9  
Marty Reasoner           0  0  0   0  0   0  0  0  13/17 17 
Niclas Bergfors          0  0  0   0  0   0  0  0  5/10  10 
Paul Martin              0  2  2   2  0   0  0  0  0/0   22 
Pavel Kubina             0  1  1   2  0   2  2  0  0/0   21 
Ray Whitney              1  0  1   2  0   1  1  0  2/4   15 
Ryan Getzlaf             0  0  0   0  0   0  3  1  14/17 19 
Sergei Kostitsyn         1  0  1   2  0   3  1  0  0/2   15 
Travis Zajac             0  1  1   2  0   1  0  0  8/18  14 
Zach Parise              0  0  0   0  0   1  0  1  0/2   16 
Jets
Player Name              G  A  P  +/- PIM S  H  SB FO    MP 
------------------------------------------------------------
Alex Goligoski           0  0  0   0  0   0  0  0  0/0   6  
Brenden Morrow           0  0  0   0  2   5  2  0  1/5   20 
Brian Boyle              0  0  0   0  0   1  0  0  7/14  9  
Christian Ehrhoff        0  0  0   0  0   2  0  0  0/0   21 
Clarke MacArthur         0  0  0  -1  0   0  0  0  3/4   10 
Frans Nielsen            0  0  0  -1  0   3  0  0  7/14  13 
James Wisniewski         0  1  1  -1  0   1  1  1  0/0   18 
Jordan Caron             0  0  0   0  0   0  0  0  2/6   11 
Marc Staal               0  0  0  -1  0   0  1  0  0/0   17 
Mark Giordano            1  0  1  -1  2   3  0  0  0/0   16 
Martin Erat              0  1  1  -1  0   2  0  0  0/0   18 
Mike Ribeiro             0  0  0   0  0   0  1  0  9/19  23 
Nathan Gerbe             0  0  0  -1  0   3  1  0  0/0   14 
P.K. Subban              0  0  0   0  2   0  1  0  0/0   22 
Rene Bourque             0  0  0  -1  0   2  1  0  0/0   14 
Ryan Callahan            0  0  0   0  0   7  2  0  1/11  21 
Ryan Malone              0  0  0  -1  2   3  2  0  3/4   20 
Ryan Suter               0  0  0  -1  0   2  0  2  0/0   22 

3 Stars

1 - Craig Anderson (DET)
2 - Ray Whitney (DET)
3 - Sergei Kostitsyn (DET)

Power Play

RedWings - 0 on 4 Attempt(s) - 0.00%
Jets - 0 on 8 Attempt(s) - 0.00%

Penalty Kill

RedWings - 8 on 8 Attempt(s) - 100.00% - Score 0 goal in Penalty Kill
Jets - 4 on 4 Attempt(s) - 100.00% - Score 0 goal in Penalty Kill

Game Notes

No Game Note

Finance

Level 1 -- Attendance: 6000 (100.00%) -- Ticket Income $540,000.00
Level 2 -- Attendance: 5000 (100.00%) -- Ticket Income $235,000.00
Level 3 -- Attendance: 2200 (100.00%) -- Ticket Income $66,000.00
Level 4 -- Attendance: 1015 (100.00%) -- Ticket Income $20,300.00
Luxury Box -- Attendance: 800 (100.00%) -- Ticket Income $136,000.00
Game was played at the MTS Center
Total Attendance: 15015 (100.00%)
Total Ticket Income: $1,066,742.00
Other Income: $216,707.40
Total Income: $1,283,449.00


Play by Play

Period #1

0:01 of 1st period - Ryan Getzlaf wins face-off versus Brian Boyle in neutral zone.
0:26 of 1st period - Shot by Brenden Morrow.
0:26 of 1st period - Stopped by Craig Anderson without a rebound.
0:27 of 1st period - Ray Whitney wins face-off versus Mike Ribeiro in RedWings zone.
0:34 of 1st period - Pavel Kubina is hit by Nathan Gerbe and loses puck.
1:37 of 1st period - Icing by Keith Yandle.
1:38 of 1st period - Ryan Getzlaf wins face-off versus Brian Boyle in RedWings zone.
1:38 of 1st period - Ryan Getzlaf is hit by Brenden Morrow.
1:50 of 1st period - Shot by Ryan Getzlaf.
1:50 of 1st period - Shot Misses the Net.
2:43 of 1st period - Shot by Mark Giordano.
2:43 of 1st period - Goal by Mark Giordano - RedWings : 0 - Jets : 1.
2:44 of 1st period - Jamie Langenbrunner wins face-off versus Mike Ribeiro in neutral zone.
2:52 of 1st period - Shot by Kris Draper.
2:52 of 1st period - Deflect By Niclas Bergfors.
2:52 of 1st period - Shot Misses the Net.
3:00 of 1st period - Shot by Rene Bourque.
3:00 of 1st period - Stopped by Craig Anderson without a rebound.
3:01 of 1st period - Ryan Malone wins face-off versus Travis Zajac in RedWings zone.
3:02 of 1st period - Shot by Mark Giordano.
3:02 of 1st period - Stopped by Craig Anderson without a rebound.
3:03 of 1st period - Frans Nielsen wins face-off versus Ray Whitney in RedWings zone.
3:45 of 1st period - James Wisniewski is hit by Pavel Kubina and loses puck.
4:01 of 1st period - Icing by Marc Staal.
4:02 of 1st period - Marty Reasoner wins face-off versus Mike Ribeiro in Jets zone.
4:39 of 1st period - Minor Penalty to Eric Brewer for Hooking.
4:40 of 1st period - Mike Ribeiro wins face-off versus Kris Draper in RedWings zone.
4:49 of 1st period - Shot by Brenden Morrow.
4:49 of 1st period - Stopped by Craig Anderson without a rebound.
4:50 of 1st period - Jordan Caron wins face-off versus Niclas Bergfors in RedWings zone.
6:26 of 1st period - Shot by Ryan Suter.
6:26 of 1st period - Stopped by Craig Anderson without a rebound.
6:27 of 1st period - Clarke MacArthur wins face-off versus Marty Reasoner in RedWings zone.
6:34 of 1st period - Shot by Ryan Callahan.
6:34 of 1st period - Stopped by Craig Anderson with a rebound.
7:29 of 1st period - Icing by Marc Staal.
7:30 of 1st period - Clarke MacArthur wins face-off versus Travis Zajac in Jets zone.
7:51 of 1st period - Shot by Sergei Kostitsyn.
7:51 of 1st period - Deflect By Ray Whitney.
7:51 of 1st period - Shot Misses the Net.
8:01 of 1st period - Shot by Frans Nielsen.
8:01 of 1st period - Stopped by Craig Anderson without a rebound.
8:02 of 1st period - Brian Boyle wins face-off versus Ryan Getzlaf in RedWings zone.
8:10 of 1st period - Brenden Morrow is hit by Brian Campbell and loses puck.
8:27 of 1st period - Shot by Brian Boyle.
8:27 of 1st period - Stopped by Craig Anderson without a rebound.
8:28 of 1st period - Marty Reasoner wins face-off versus Frans Nielsen in RedWings zone.
9:02 of 1st period - Minor Penalty to Eric Brewer for Hooking.
9:03 of 1st period - Niclas Bergfors wins face-off versus Ryan Callahan in RedWings zone.
9:11 of 1st period - Brenden Morrow is hit by Kris Draper and loses puck.
9:32 of 1st period - Shot by Brenden Morrow.
9:32 of 1st period - Shot Misses the Net.
9:38 of 1st period - Shot by Brenden Morrow.
9:38 of 1st period - Shot Blocked by Keith Yandle.
9:54 of 1st period - Ryan Malone is hit by Alexandre Burrows and loses puck.
10:41 of 1st period - Shot by Mike Ribeiro.
10:41 of 1st period - Shot Misses the Net.
11:14 of 1st period - Shot by Alexandre Burrows.
11:14 of 1st period - Shot Misses the Net.
11:18 of 1st period - Shot by Jamie Langenbrunner.
11:18 of 1st period - Goal by Jamie Langenbrunner - RedWings : 1 - Jets : 1.
11:19 of 1st period - Travis Zajac wins face-off versus Frans Nielsen in neutral zone.
12:03 of 1st period - Minor Penalty to Keith Yandle for Hooking.
12:04 of 1st period - Marty Reasoner wins face-off versus Mike Ribeiro in RedWings zone.
13:08 of 1st period - Christian Ehrhoff is hit by Alexandre Burrows and loses puck.
14:24 of 1st period - Frans Nielsen is hit by Ray Whitney and loses puck.
15:51 of 1st period - Shot by Brenden Morrow.
15:51 of 1st period - Shot Misses the Net.
15:53 of 1st period - Shot by Brenden Morrow.
15:53 of 1st period - Deflect By Mike Ribeiro.
15:53 of 1st period - Shot Blocked by Keith Yandle.
15:55 of 1st period - Shot by Brenden Morrow.
15:55 of 1st period - Stopped by Craig Anderson without a rebound.
15:56 of 1st period - Ray Whitney wins face-off versus Frans Nielsen in RedWings zone.
16:53 of 1st period - Shot by Brenden Morrow.
16:53 of 1st period - Stopped by Craig Anderson without a rebound.
16:54 of 1st period - Ryan Getzlaf wins face-off versus Mike Ribeiro in RedWings zone.
17:05 of 1st period - Brian Campbell is hit by Rene Bourque and loses puck.
17:26 of 1st period - Shot by Nathan Gerbe.
17:26 of 1st period - Stopped by Craig Anderson with a rebound.
17:31 of 1st period - Icing by Ryan Getzlaf.
17:32 of 1st period - Ryan Getzlaf wins face-off versus Brian Boyle in RedWings zone.
17:52 of 1st period - Shot by Christian Ehrhoff.
17:52 of 1st period - Shot Blocked by Ryan Getzlaf.
17:54 of 1st period - Shot by Ryan Callahan.
17:54 of 1st period - Shot Misses the Net.
17:56 of 1st period - Shot by Ryan Callahan.
17:56 of 1st period - Deflect By Brenden Morrow.
17:56 of 1st period - Shot Blocked by Brian Campbell.
17:58 of 1st period - Shot by Ryan Callahan.
17:58 of 1st period - Shot Misses the Net.
18:00 of 1st period - Shot by Christian Ehrhoff.
18:00 of 1st period - Stopped by Craig Anderson with a rebound.
18:02 of 1st period - Shot by Christian Ehrhoff.
18:02 of 1st period - Stopped by Craig Anderson without a rebound.
18:03 of 1st period - Mike Ribeiro wins face-off versus Marty Reasoner in RedWings zone.
18:29 of 1st period - Shot by Brett Clark.
18:29 of 1st period - Stopped by Ilya Bryzgalov without a rebound.
18:30 of 1st period - Travis Zajac wins face-off versus Frans Nielsen in Jets zone.
18:43 of 1st period - Minor Penalty to Ryan Malone for Holding.
18:44 of 1st period - Travis Zajac wins face-off versus Ryan Callahan in Jets zone.
18:45 of 1st period - Shot by Pavel Kubina.
18:45 of 1st period - Stopped by Ilya Bryzgalov with a rebound.
18:49 of 1st period - Shot by Sergei Kostitsyn.
18:49 of 1st period - Shot Blocked by Ryan Suter.
18:51 of 1st period - Shot by Pavel Kubina.
18:51 of 1st period - Stopped by Ilya Bryzgalov without a rebound.
18:52 of 1st period - Ryan Callahan wins face-off versus Sergei Kostitsyn in Jets zone.
19:38 of 1st period - Off-side.
19:39 of 1st period - Ryan Getzlaf wins face-off versus Ryan Callahan in neutral zone.

Period #2

0:01 of 2nd period - Ryan Getzlaf wins face-off versus Ryan Callahan in neutral zone.
0:26 of 2nd period - Shot by Alexandre Burrows.
0:26 of 2nd period - Shot Misses the Net.
1:06 of 2nd period - Shot by Sergei Kostitsyn.
1:06 of 2nd period - Shot Misses the Net.
1:08 of 2nd period - Shot by Paul Martin.
1:08 of 2nd period - Shot Misses the Net.
1:10 of 2nd period - Shot by Pavel Kubina.
1:10 of 2nd period - Shot Blocked by James Wisniewski.
1:12 of 2nd period - Shot by Sergei Kostitsyn.
1:12 of 2nd period - Goal by Sergei Kostitsyn - RedWings : 2 - Jets : 1.
1:13 of 2nd period - Mike Ribeiro wins face-off versus Marty Reasoner in neutral zone.
1:51 of 2nd period - Shot by P.K. Subban.
1:51 of 2nd period - Shot Misses the Net.
3:00 of 2nd period - Ryan Suter is hit by Ryan Getzlaf and loses puck.
3:05 of 2nd period - Minor Penalty to Brian Campbell for Hooking.
3:06 of 2nd period - Clarke MacArthur wins face-off versus Niclas Bergfors in RedWings zone.
3:14 of 2nd period - Shot by Brenden Morrow.
3:14 of 2nd period - Shot Misses the Net.
3:16 of 2nd period - Shot by Clarke MacArthur.
3:16 of 2nd period - Shot Misses the Net.
3:18 of 2nd period - Shot by Ryan Callahan.
3:18 of 2nd period - Stopped by Craig Anderson without a rebound.
3:19 of 2nd period - Jordan Caron wins face-off versus Niclas Bergfors in RedWings zone.
3:26 of 2nd period - Shot by Martin Erat.
3:26 of 2nd period - Stopped by Craig Anderson without a rebound.
3:27 of 2nd period - Marty Reasoner wins face-off versus Mike Ribeiro in RedWings zone.
4:11 of 2nd period - Shot by Ryan Suter.
4:11 of 2nd period - Stopped by Craig Anderson without a rebound.
4:12 of 2nd period - Marty Reasoner wins face-off versus Jordan Caron in RedWings zone.
4:42 of 2nd period - Shot by Christian Ehrhoff.
4:42 of 2nd period - Shot Misses the Net.
4:51 of 2nd period - Off-side.
4:52 of 2nd period - Ryan Getzlaf wins face-off versus Mike Ribeiro in neutral zone.
4:55 of 2nd period - Ryan Callahan is hit by Ryan Getzlaf and loses puck.
5:07 of 2nd period - Rene Bourque is hit by Brett Clark and loses puck.
5:44 of 2nd period - Shot by Brenden Morrow.
5:44 of 2nd period - Shot Misses the Net.
5:48 of 2nd period - Shot by Brenden Morrow.
5:48 of 2nd period - Shot Misses the Net.
5:52 of 2nd period - Shot by Ryan Callahan.
5:52 of 2nd period - Stopped by Craig Anderson without a rebound.
5:53 of 2nd period - Frans Nielsen wins face-off versus Travis Zajac in RedWings zone.
5:56 of 2nd period - Shot by Mark Giordano.
5:56 of 2nd period - Shot Misses the Net.
6:00 of 2nd period - Shot by Martin Erat.
6:00 of 2nd period - Shot Misses the Net.
6:02 of 2nd period - Shot by Frans Nielsen.
6:02 of 2nd period - Stopped by Craig Anderson without a rebound.
6:03 of 2nd period - Ryan Getzlaf wins face-off versus Brenden Morrow in RedWings zone.
6:03 of 2nd period - Brian Campbell is hit by Ryan Callahan and loses puck.
9:46 of 2nd period - Ray Whitney is hit by P.K. Subban and loses puck.
9:53 of 2nd period - Shot by Sergei Kostitsyn.
9:53 of 2nd period - Stopped by Ilya Bryzgalov without a rebound.
9:54 of 2nd period - Frans Nielsen wins face-off versus Travis Zajac in Jets zone.
10:18 of 2nd period - Shot by Frans Nielsen.
10:18 of 2nd period - Shot Blocked by Keith Yandle.
10:35 of 2nd period - Icing by Frans Nielsen.
10:36 of 2nd period - Ryan Getzlaf wins face-off versus Frans Nielsen in Jets zone.
10:43 of 2nd period - Icing by Mark Giordano.
10:44 of 2nd period - Frans Nielsen wins face-off versus Sergei Kostitsyn in Jets zone.
10:44 of 2nd period - Frans Nielsen is hit by Sergei Kostitsyn.
12:20 of 2nd period - Minor Penalty to Keith Yandle for High sticking.
12:21 of 2nd period - Niclas Bergfors wins face-off versus Jordan Caron in RedWings zone.
12:33 of 2nd period - Minor Penalty to Alexandre Burrows for Hooking.
12:34 of 2nd period - Niclas Bergfors wins face-off versus Ryan Callahan in RedWings zone.
12:47 of 2nd period - Shot by James Wisniewski.
12:47 of 2nd period - Shot Misses the Net.
12:49 of 2nd period - Shot by Ryan Callahan.
12:49 of 2nd period - Shot Misses the Net.
12:51 of 2nd period - Shot by Brenden Morrow.
12:51 of 2nd period - Shot Blocked by Brett Clark.
12:55 of 2nd period - Shot by Mike Ribeiro.
12:55 of 2nd period - Shot Misses the Net.
12:57 of 2nd period - Shot by P.K. Subban.
12:57 of 2nd period - Shot Misses the Net.
12:59 of 2nd period - Shot by Ryan Callahan.
12:59 of 2nd period - Stopped by Craig Anderson without a rebound.
13:00 of 2nd period - Marty Reasoner wins face-off versus Jordan Caron in RedWings zone.
14:50 of 2nd period - Shot by Rene Bourque.
14:50 of 2nd period - Stopped by Craig Anderson with a rebound.
14:54 of 2nd period - Shot by Rene Bourque.
14:54 of 2nd period - Shot Blocked by Eric Brewer.
14:56 of 2nd period - Shot by Marc Staal.
14:56 of 2nd period - Shot Misses the Net.
14:58 of 2nd period - Shot by Mark Giordano.
14:58 of 2nd period - Stopped by Craig Anderson without a rebound.
14:59 of 2nd period - Frans Nielsen wins face-off versus Travis Zajac in RedWings zone.
15:20 of 2nd period - Shot by Ray Whitney.
15:20 of 2nd period - Goal by Ray Whitney - RedWings : 3 - Jets : 1.
15:21 of 2nd period - Brian Boyle wins face-off versus Alexandre Burrows in neutral zone.
15:25 of 2nd period - Ryan Callahan is hit by Keith Yandle and loses puck.
15:34 of 2nd period - Shot by Brian Boyle.
15:34 of 2nd period - Deflect By Ryan Callahan.
15:34 of 2nd period - Shot Misses the Net.
15:36 of 2nd period - Shot by Ryan Callahan.
15:36 of 2nd period - Stopped by Craig Anderson without a rebound.
15:37 of 2nd period - Marty Reasoner wins face-off versus Mike Ribeiro in RedWings zone.
15:47 of 2nd period - Icing by Brett Clark.
15:48 of 2nd period - Marty Reasoner wins face-off versus Mike Ribeiro in RedWings zone.
15:48 of 2nd period - Marty Reasoner is hit by Mike Ribeiro.
16:05 of 2nd period - Mike Ribeiro is hit by Jamie Langenbrunner and loses puck.
16:49 of 2nd period - Shot by Zach Parise.
16:49 of 2nd period - Stopped by Ilya Bryzgalov without a rebound.
16:50 of 2nd period - Frans Nielsen wins face-off versus Travis Zajac in Jets zone.
17:18 of 2nd period - Off-side.
17:19 of 2nd period - Brian Boyle wins face-off versus Ryan Getzlaf in neutral zone.
17:24 of 2nd period - Shot by Christian Ehrhoff.
17:24 of 2nd period - Shot Blocked by Zach Parise.
17:25 of 2nd period - Minor Penalty to Brian Campbell for Hooking.
17:26 of 2nd period - Marty Reasoner wins face-off versus Jordan Caron in RedWings zone.
17:37 of 2nd period - Shot by Ryan Suter.
17:37 of 2nd period - Shot Misses the Net.
17:41 of 2nd period - Shot by Ryan Malone.
17:41 of 2nd period - Stopped by Craig Anderson without a rebound.
17:42 of 2nd period - Niclas Bergfors wins face-off versus Ryan Callahan in RedWings zone.
18:00 of 2nd period - Icing by Ryan Callahan.
18:01 of 2nd period - Niclas Bergfors wins face-off versus Clarke MacArthur in Jets zone.
18:05 of 2nd period - Alexandre Burrows is hit by James Wisniewski and loses puck.
19:37 of 2nd period - Shot by Mike Ribeiro.
19:37 of 2nd period - Shot Hit the Post.
19:39 of 2nd period - Shot by Marc Staal.
19:39 of 2nd period - Shot Misses the Net.
19:41 of 2nd period - Shot by Mike Ribeiro.
19:41 of 2nd period - Deflect By Rene Bourque.
19:41 of 2nd period - Shot Misses the Net.
19:43 of 2nd period - Shot by Mike Ribeiro.
19:43 of 2nd period - Shot Misses the Net.
19:45 of 2nd period - Shot by Mike Ribeiro.
19:45 of 2nd period - Shot Blocked by Brett Clark.
19:55 of 2nd period - Shot by Eric Brewer.
19:55 of 2nd period - Stopped by Ilya Bryzgalov without a rebound.
19:56 of 2nd period - Ryan Getzlaf wins face-off versus Frans Nielsen in Jets zone.

Period #3

0:01 of 3rd period - Ryan Getzlaf wins face-off versus Brian Boyle in neutral zone.
0:34 of 3rd period - Brian Boyle is hit by Ryan Getzlaf and loses puck.
0:40 of 3rd period - Icing by Christian Ehrhoff.
0:41 of 3rd period - Travis Zajac wins face-off versus Brian Boyle in Jets zone.
1:42 of 3rd period - Shot by Nathan Gerbe.
1:42 of 3rd period - Stopped by Craig Anderson without a rebound.
1:43 of 3rd period - Marty Reasoner wins face-off versus Frans Nielsen in RedWings zone.
1:43 of 3rd period - Curtis Glencross is hit by Ryan Malone and loses puck.
3:45 of 3rd period - Shot by Ryan Callahan.
3:45 of 3rd period - Stopped by Craig Anderson without a rebound.
3:46 of 3rd period - Brian Boyle wins face-off versus Travis Zajac in RedWings zone.
3:46 of 3rd period - Brenden Morrow is hit by Pavel Kubina.
4:27 of 3rd period - Shot by Sergei Kostitsyn.
4:27 of 3rd period - Stopped by Ilya Bryzgalov without a rebound.
4:28 of 3rd period - Mike Ribeiro wins face-off versus Jamie Langenbrunner in Jets zone.
4:53 of 3rd period - Shot by Niclas Bergfors.
4:53 of 3rd period - Deflect By Kris Draper.
4:53 of 3rd period - Shot Misses the Net.
5:04 of 3rd period - Icing by Ryan Suter.
5:05 of 3rd period - Mike Ribeiro wins face-off versus Ryan Getzlaf in Jets zone.
5:40 of 3rd period - Shot by Martin Erat.
5:40 of 3rd period - Shot Misses the Net.
5:42 of 3rd period - Shot by Frans Nielsen.
5:42 of 3rd period - Deflect By Martin Erat.
5:42 of 3rd period - Stopped by Craig Anderson with a rebound.
5:44 of 3rd period - Shot by Ryan Malone.
5:44 of 3rd period - Stopped by Craig Anderson without a rebound.
5:45 of 3rd period - Marty Reasoner wins face-off versus Brian Boyle in RedWings zone.
5:45 of 3rd period - Marty Reasoner is hit by Ryan Callahan.
5:48 of 3rd period - Minor Penalty to Brenden Morrow for High sticking.
5:49 of 3rd period - Travis Zajac wins face-off versus Ryan Callahan in Jets zone.
6:14 of 3rd period - Shot by Keith Yandle.
6:14 of 3rd period - Stopped by Ilya Bryzgalov with a rebound.
6:44 of 3rd period - Ryan Callahan is hit by Alexandre Burrows and loses puck.
7:04 of 3rd period - Icing by Eric Brewer.
7:05 of 3rd period - Ryan Getzlaf wins face-off versus Ryan Callahan in RedWings zone.
7:49 of 3rd period - Shot by Ryan Callahan.
7:49 of 3rd period - Stopped by Craig Anderson without a rebound.
7:50 of 3rd period - Ryan Malone wins face-off versus Travis Zajac in RedWings zone.
8:09 of 3rd period - Shot by Travis Zajac.
8:09 of 3rd period - Stopped by Ilya Bryzgalov without a rebound.
8:10 of 3rd period - Marty Reasoner wins face-off versus Brenden Morrow in Jets zone.
8:16 of 3rd period - Icing by Christian Ehrhoff.
8:17 of 3rd period - Brian Boyle wins face-off versus Jamie Langenbrunner in Jets zone.
8:17 of 3rd period - Brian Boyle is hit by Jamie Langenbrunner.
8:23 of 3rd period - Paul Martin is hit by Brenden Morrow and loses puck.
8:44 of 3rd period - Icing by Ryan Callahan.
8:45 of 3rd period - Brian Boyle wins face-off versus Travis Zajac in Jets zone.
8:47 of 3rd period - Icing by Christian Ehrhoff.
8:48 of 3rd period - Travis Zajac wins face-off versus Brian Boyle in Jets zone.
9:40 of 3rd period - Icing by Mike Ribeiro.
9:41 of 3rd period - Jamie Langenbrunner wins face-off versus Mike Ribeiro in Jets zone.
10:11 of 3rd period - Minor Penalty to Eric Brewer for Cross-checking.
10:12 of 3rd period - Marty Reasoner wins face-off versus Ryan Malone in RedWings zone.
10:21 of 3rd period - Kris Draper is hit by Ryan Malone and loses puck.
11:02 of 3rd period - Shot by Mike Ribeiro.
11:02 of 3rd period - Deflect By Brenden Morrow.
11:02 of 3rd period - Stopped by Craig Anderson without a rebound.
11:03 of 3rd period - Mike Ribeiro wins face-off versus Niclas Bergfors in RedWings zone.
11:04 of 3rd period - Shot by James Wisniewski.
11:04 of 3rd period - Stopped by Craig Anderson with a rebound.
11:13 of 3rd period - Icing by James Wisniewski.
11:14 of 3rd period - Mike Ribeiro wins face-off versus Niclas Bergfors in Jets zone.
12:13 of 3rd period - Shot by Ryan Malone.
12:13 of 3rd period - Stopped by Craig Anderson without a rebound.
12:14 of 3rd period - Frans Nielsen wins face-off versus Marty Reasoner in RedWings zone.
12:21 of 3rd period - Shot by Frans Nielsen.
12:21 of 3rd period - Stopped by Craig Anderson without a rebound.
12:22 of 3rd period - Brian Boyle wins face-off versus Zach Parise in RedWings zone.
12:39 of 3rd period - Shot by Zach Parise.
12:39 of 3rd period - Shot Misses the Net.
13:31 of 3rd period - Shot by Nathan Gerbe.
13:31 of 3rd period - Stopped by Craig Anderson without a rebound.
13:32 of 3rd period - Ryan Malone wins face-off versus Travis Zajac in RedWings zone.
15:21 of 3rd period - Clarke MacArthur is hit by Eric Brewer and loses puck.
16:13 of 3rd period - Off-side.
16:14 of 3rd period - Travis Zajac wins face-off versus Brenden Morrow in neutral zone.
16:28 of 3rd period - Minor Penalty to P.K. Subban for Slashing.
16:29 of 3rd period - Ryan Getzlaf wins face-off versus Ryan Callahan in Jets zone.
16:47 of 3rd period - Minor Penalty to Mark Giordano for Hooking.
16:48 of 3rd period - Travis Zajac wins face-off versus Brenden Morrow in Jets zone.
16:53 of 3rd period - Shot by Paul Martin.
16:53 of 3rd period - Shot Misses the Net.
16:55 of 3rd period - Shot by Paul Martin.
16:55 of 3rd period - Shot Misses the Net.
17:41 of 3rd period - Shot by Keith Yandle.
17:41 of 3rd period - Shot Blocked by Ryan Suter.
17:43 of 3rd period - Shot by Alexandre Burrows.
17:43 of 3rd period - Stopped by Ilya Bryzgalov without a rebound.
17:44 of 3rd period - Brenden Morrow wins face-off versus Zach Parise in Jets zone.
17:55 of 3rd period - Shot by Alexandre Burrows.
17:55 of 3rd period - Shot Misses the Net.
17:57 of 3rd period - Shot by Ryan Getzlaf.
17:57 of 3rd period - Deflect By Zach Parise.
17:57 of 3rd period - Shot Misses the Net.
17:59 of 3rd period - Shot by Keith Yandle.
17:59 of 3rd period - Stopped by Ilya Bryzgalov without a rebound.
18:00 of 3rd period - Ryan Getzlaf wins face-off versus Ryan Callahan in Jets zone.
18:10 of 3rd period - Zach Parise is hit by Marc Staal and loses puck.
19:07 of 3rd period - Icing by Marc Staal.
19:08 of 3rd period - Mike Ribeiro wins face-off versus Curtis Glencross in Jets zone.
19:30 of 3rd period - Icing by Ryan Suter.
19:31 of 3rd period - Mike Ribeiro wins face-off versus Ray Whitney in Jets zone.


Output by the SimonT Hockey Simulator (STHS) for Stephane Roy -- Original Page W3C XHTML 1.0 Valid